 Dungeon Crawl Stone Soup version 0.19-a0-1821-g42c593c (webtiles) character file.

45 kae the Shield-Bearer (level 3, 0/30 HPs)
             Began as a Formicid Fighter on Oct 6, 2016.
             Slain by a gnoll
             ... wielding a +0 halberd
              (11 damage)
             ... on level 2 of the Dungeon.
             The game lasted 00:01:32 (1445 turns).

kae the Shield-Bearer (Formicid Fighter)            Turns: 1445, Time: 00:01:33

Health: 0/30       AC:  6    Str: 21    XL:     3   Next: 90%
Magic:  3/3        EV:  8    Int:  7    God:
Gold:   27         SH:  9    Dex: 10    Spells: 0 memorised, 2 levels left

rFire  . . .     SeeInvis +     a - +0 long sword
rCold  . . .     Gourm    .     b - +0 scale mail
rNeg   . . .     Faith    .     c - +0 shield
rPois  .         Spirit   .     (helmet unavailable)
rElec  .         Dismiss  .     (no cloak)
rCorr  .         Reflect  .     (no gloves)
MR     .....     Harm     .     (no boots)
Stlth  ..........               (no amulet)
                                (no ring)
                                (no ring)

@: no status effects
A: permanent stasis, dig shafts and tunnels, four strong arms, antennae 3
a: Dig, Shaft Self


You were on level 2 of the Dungeon.
You were not hungry.

You visited 1 branch of the dungeon, and saw 2 of its levels.

You collected 27 gold pieces.

Inventory:

Hand Weapons
 a - a +0 long sword (weapon)
Armour
 b - a +0 scale mail (worn)
 c - a +0 shield (worn)
Scrolls
 g - a scroll of amnesia {unknown}
 h - 2 scrolls of identify {unknown}
Potions
 d - a potion of might
 e - 2 potions of curing {unknown}
 i - 2 potions of brilliance {unknown}
 j - a potion of invisibility {unknown}
 k - a potion of lignification {unknown}
Comestibles
 f - a bread ration


   Skills:
 + Level 4.0 Fighting
 * Level 3.0 Long Blades
 - Level 3.2 Armour
 + Level 4.0 Shields


You had 2 spell levels left.
You didn't know any spells.

Dungeon Overview and Level Annotations

Branches:
Dungeon (2/15)

Altars:


Innate Abilities, Weirdness & Mutations

You are under a permanent stasis effect.
You can dig through walls and to a lower floor.
Your four strong arms can wield two-handed weapons with a shield.
You have a pair of large antennae on your head. (SInv)


Message History

The gnoll is moderately wounded.
The gnoll hits you with a halberd.
You barely miss the gnoll.
The gnoll is moderately wounded.
The gnoll barely misses you.
You hit the gnoll.
The gnoll is severely wounded.
The gnoll hits you with a halberd!
You are too injured to fight recklessly!
You are too injured to fight recklessly!
You are too injured to fight recklessly!
You are too injured to fight recklessly!
You are too injured to fight recklessly!
You closely miss the gnoll.
The gnoll is severely wounded.
The gnoll hits you with a halberd. x2
You closely miss the gnoll.
The gnoll is severely wounded.
The gnoll hits you with a halberd!
You die...

#########
........########
##...[.......#
#.###...#.######.#
..........# #.#
.###...#.# #.#
#.####.##.# #.# #
#....@....# ####.#####
# { ######g####
#........# # ##(##
#.##.###.# # #...#
#.##.....# # #.....#
#.#......# # #..%....#
#.#..###.# #
#.......>.##.#...##.# .
.g.........+.........#
#
###.........####......#


You could see a gnoll.

Vanquished Creatures
  2 gnolls (D:1)
  A worm (D:2)
  A dart slug (D:1)
  A ball python (D:2)
  3 bats (D:1)
  A giant cockroach (D:1)
  5 goblins (D:1)
  A hobgoblin (D:1)
  2 frilled lizards (D:1)
  2 kobolds (D:1)
  4 rats
23 creatures vanquished.

Notes
Turn   | Place    | Note
-------+----------+-------------------------------------------
     0 | D:1      | kae the Formicid Fighter began the quest for the Orb.
     0 | D:1      | Reached XP level 1. HP: 18/18 MP: 1/1
     2 | D:1      | Noticed a tengu
     2 | D:1      | Noticed a ghoul
     4 | D:1      | Noticed a halfling
     4 | D:1      | Noticed a vampire
     6 | D:1      | Noticed a felid
     6 | D:1      | Noticed a spriggan
     8 | D:1      | Noticed a draconian
     8 | D:1      | Noticed an elf
    10 | D:1      | Noticed an octopode
    10 | D:1      | Noticed a formicid
    12 | D:1      | Noticed an ogre
    14 | D:1      | Noticed a human
    14 | D:1      | Noticed a demigod
    16 | D:1      | Noticed a naga
    18 | D:1      | Noticed a dwarf
    20 | D:1      | Noticed a demonspawn
    20 | D:1      | Noticed a merfolk
    22 | D:1      | Noticed a troll
    22 | D:1      | Noticed a minotaur
    24 | D:1      | Noticed a centaur
    24 | D:1      | Noticed a vine stalker
    26 | D:1      | Noticed a gargoyle
    47 | D:1      | Reached XP level 2. HP: 11/24 MP: 2/2
   442 | D:1      | Reached XP level 3. HP: 30/30 MP: 3/3
  1445 | D:2      | Slain by a gnoll

Vault maps used:
D:1:      kb_arrival_jail, minmay_strange_pillars
D:2:      lemuel_zombie_altar_yredelemnul

Skill      XL: |  1  2  3 |
---------------+----------+-----
Long Blades    | 3 |  3.0
Shields        | 4 |  4.0
Fighting       | 4 |  4.0
Armour         | |  3.2

Action                   || total
-------------------------++-------
Melee: Long sword        ||    70
 Abil: Dig               ||     4
  Eat: Chunk             ||     2
Armor: Scale mail        ||    27
Dodge: Dodged            ||    27
Block: Shield            ||    31
       Rpst.: Long sword ||     9
